Carnivores vs Influenza

Created - March 6, 2020 at 22:11

Goals
1 2 3 OT1 T
Carnivores 1 2 2 1 6
Influenza 2 2 1 0 5
Shots
1 2 3 OT1 T
Carnivores 21 10 17 1 49
Influenza 7 15 11 0 33

1st period

1. Carnivores , Anton Gustafsson 26 (Chris Lawrence 43) at 6:55
2. Influenza , Calvin de Haan 9 (Zac Dalpe 21) at 12:59 (PP)
3. Influenza , Ryan Dzingel 28 (Zac Dalpe 22, Andre Burakovsky 47) at 14:50

Penalties :
Calvin de Haan (VJB) for Hooking (Minor) at 0:11, Blake Geoffrion (Bre) for Holding (Minor) at 12:22, Bo Horvat (VJB) for Interference (Minor) at 17:04

2nd period

4. Carnivores , Oskar Lindblom 6 (Chris Lawrence 44, Anton Gustafsson 36) at 3:34
5. Influenza , Lucas Lessio 15 (Calvin de Haan 34, Colton Sissons 10) at 4:04
6. Carnivores , Anton Gustafsson 27 (Jeremy Welsh 13, Brett Connolly 5) at 14:29
7. Influenza , Justin Bailey 12 (Lucas Lessio 14, Brandon Montour 13) at 15:04

Penalties :
Colton Sissons (VJB) for Interference (Minor) at 7:52

3rd period

8. Carnivores , Chris Lawrence 28 (Anton Gustafsson 37, Mat Clark 21) at 0:12
9. Influenza , Nick Ritchie 14 (Tom Kuhnhackl 4, Paul Ladue 21) at 7:21
10. Carnivores , Joel Armia 17 (Markus Granlund 38, David Fischer 27) at 10:41

Penalties :
Nick Ritchie (VJB) for Tripping (Minor) at 4:24, Colton Sissons (VJB) for Boarding (Minor) at 12:07, Kasperi Kapanen (VJB) for Interference (Minor) at 18:06

Overtime #1

11. Carnivores , Chris Lawrence 29 (Jeremy Welsh 14) at 3:19

Penalties :
No Penalty

Goalie Stats

Niklas Svedberg (Bre), 28 saves from 33 shots - (0.848), W, 16-16-2, 63:19 minutes
Malcolm Subban (VJB), 43 saves from 49 shots - (0.878), OTL, 18-23-2, 63:19 minutes

Players Stats for Carnivores

Player Name              G  A  P  +/- PIM S  H  SB GA TA FO     MP     PP MP  PK MP  
------------------------------------------------------------------------------------
Adam Almquist            0  0  0  -1  0   0  0  0  0  0  0/0     4:07   0:00   0:00 
Alexandre Mallet         0  0  0   0  0   0  0  0  0  0  0/0     0:19   0:00   0:00 
Anton Gustafsson         2  2  4   3  0   6  1  1  1  0  21/39  26:15   6:44   0:34 
Blake Geoffrion          0  0  0  -2  2   11 4  2  1  0  2/5    25:01   6:44   0:00 
Brett Connolly           0  1  1   0  0   0  0  0  0  0  1/1     4:11   0:00   0:00 
Chris Lawrence           2  2  4   4  0   9  1  2  2  1  0/0    25:13   6:44   0:03 
Christian Djoos          0  0  0   0  0   0  0  2  0  1  0/0     9:45   0:00   0:00 
David Fischer            0  1  1   2  0   7  1  3  0  0  0/0    29:11   7:09   0:37 
Hunter Shinkaruk         0  0  0   0  0   0  0  0  0  0  0/0     0:00   0:00   0:00 
Jeremy Welsh             0  2  2   1  0   1  1  0  1  0  0/0    10:11   5:04   0:00 
Joel Armia               1  0  1  -2  0   3  0  0  0  0  0/0    13:03   0:00   0:00 
Josh Morrissey           0  0  0   1  0   0  1  0  0  4  0/0    20:31   4:39   0:00 
Josh Wesley              0  0  0   0  0   0  0  0  0  0  0/0     0:00   0:00   0:00 
Lucas Wallmark           0  0  0   0  0   0  0  0  0  1  1/6    12:31   0:00   0:00 
Mark MacMillan           0  0  0   0  0   0  0  0  0  0  0/0     0:00   0:00   0:00 
Mark McNeill             0  0  0   0  0   5  6  0  1  0  0/0    16:21   5:04   0:00 
Markus Granlund          0  1  1  -2  0   1  4  0  0  0  7/12   18:10   5:04   0:03 
Mat Clark                0  1  1   2  0   1  3  1  0  1  0/0    28:56   7:09   0:37 
Mattias Backman          0  0  0   0  0   0  0  2  0  1  0/0     9:45   0:00   0:00 
Nicolas Kerdiles         0  0  0   0  0   1  2  0  2  1  1/1    13:24   0:00   0:34 
Oskar Lindblom           1  0  1   3  0   1  1  0  0  0  1/1    18:46   0:00   0:00 
Riley Barber             0  0  0   0  0   0  0  0  0  0  0/0     2:35   0:00   0:00 
Ryan Olsen               0  0  0   0  0   0  0  0  0  0  0/0     0:00   0:00   0:00 
T.J Brodie               0  0  0   1  0   3  2  0  0  0  0/0    18:53   4:39   0:00 
Trevor Van Riemsdyk      0  0  0  -1  0   0  1  0  0  0  0/0     5:30   0:00   0:00 

Players Stats for Influenza

Player Name              G  A  P  +/- PIM S  H  SB GA TA FO     MP     PP MP  PK MP  
------------------------------------------------------------------------------------
Andre Burakovsky         0  1  1  -3  0   3  1  0  2  0  1/2    20:50   0:21   2:30 
Bo Horvat                0  0  0  -3  2   0  1  1  0  0  9/23   17:57   0:21   0:00 
Brandon Montour          0  1  1  -1  0   2  0  0  0  2  0/0    15:45   0:00   1:14 
Calvin de Haan           1  1  2   0  2   3  3  3  0  1  0/0    28:23   0:37   5:54 
Colton Sissons           0  1  1   2  4   1  2  0  1  0  10/19  16:45   0:00   2:29 
Dmitry Sinitsyn          0  0  0  -1  0   0  1  1  0  2  0/0    19:13   0:00   4:46 
Iiro Pakarinen           0  0  0  -3  0   4  0  1  0  0  1/2    17:28   0:21   0:00 
Jacob Josefson           0  0  0  -1  0   1  0  0  0  0  1/3     7:40   0:00   0:04 
Justin Bailey            1  0  1   2  0   4  2  0  1  0  1/1    14:08   0:16   0:00 
Kasperi Kapanen          0  0  0   1  2   2  0  0  0  0  0/0     9:38   0:00   0:00 
Luca Sbisa               0  0  0   1  0   1  0  2  0  1  0/0    23:13   0:37   4:39 
Lucas Lessio             1  1  2   1  0   5  0  1  1  0  0/0    16:07   0:00   0:56 
Nick Ritchie             1  0  1  -1  2   1  1  0  2  0  0/0     7:34   0:00   0:00 
Paul Ladue               0  1  1  -1  0   0  0  0  1  1  0/0    27:05   0:00   7:15 
Roland McKeown           0  0  0  -2  0   0  1  0  0  0  0/0    13:01   0:00   0:00 
Ryan Dzingel             1  0  1   0  0   3  1  0  1  1  0/0    17:16   0:16   6:46 
Tom Kuhnhackl            0  1  1  -1  0   2  0  0  0  0  0/0    11:51   0:00   4:00 
Zac Dalpe                0  2  2   1  0   1  2  2  1  0  8/15   17:22   0:16   6:57 

3 Stars

1 - Chris Lawrence (Bre)
2 - Anton Gustafsson (Bre)
3 - Oskar Lindblom (Bre)

Power Play

Carnivores - 0 on 6 Attempt(s) - 0.00%
Influenza - 1 on 1 Attempt(s) - 100.00%

Penalty Kill

Carnivores - 0 on 1 Attempt(s) - 0.00% - Score 0 goal in Penalty Kill
Influenza - 6 on 6 Attempt(s) - 100.00% - Score 0 goal in Penalty Kill

Team Stat

Carnivores - Hits : 28 - Faceoff Wins : 34 - Blocked Shots : 13 - Penalty Minutes : 2
Influenza - Hits : 15 - Faceoff Wins : 31 - Blocked Shots : 11 - Penalty Minutes : 12

Official

Referees : Unknown
Linesman : Unknown

Game Notes

No Game Note

Finance

Level 1 -- Attendance: 1344 (67.20%) -- Ticket Income $53,760
Level 2 -- Attendance: 671 (67.10%) -- Ticket Income $13,420
Total Attendance: 2015 (67.17%)
Total Ticket Income: $67,180
Other Income: $3,359
Total Income: $70,539

Carnivores

5 vs 5 Forward 
   Center                   Left Wing                Right Wing               Time % Phy DF OF 
 1 Anton Gustafsson         Oskar Lindblom           Chris Lawrence           40     1   2  2  
 2 Markus Granlund          Blake Geoffrion          Joel Armia               30     1   2  2  
 3 Lucas Wallmark           Nicolas Kerdiles         Mark McNeill             20     1   2  2  
 4 Blake Geoffrion          Jeremy Welsh             Brett Connolly           10     1   2  2  

5 vs 5 Defense 
   Defense                  Defense                                           Time % Phy DF OF 
 1 David Fischer            Mat Clark                                         40     1   2  2  
 2 T.J Brodie               Josh Morrissey                                    30     1   2  2  
 3 Christian Djoos          Mattias Backman                                   20     1   2  2  
 4 Trevor Van Riemsdyk      Adam Almquist                                     10     1   2  2  

PowerPlay Forward 
   Center                   Left Wing                Right Wing               Time % Phy DF OF 
 1 Anton Gustafsson         Blake Geoffrion          Chris Lawrence           60     1   2  2  
 2 Markus Granlund          Jeremy Welsh             Mark McNeill             40     1   2  2  

PowerPlay Defense
   Defense                  Defense                                           Time % Phy DF OF 
 1 David Fischer            Mat Clark                                         60     1   2  2  
 2 T.J Brodie               Josh Morrissey                                    40     1   2  2  

Penalty Kill 4 Players Forward 
   Center                   Wing                     Time % Phy DF OF 
 1 Anton Gustafsson         Nicolas Kerdiles         60     1   2  2  
 2 Markus Granlund          Chris Lawrence           40     1   2  2  

Penalty Kill 4 Players Defense
   Defense                  Defense                  Time % Phy DF OF 
 1 David Fischer            Mat Clark                60     1   2  2  
 2 Christian Djoos          T.J Brodie               40     1   2  2  

Penalty Kill - 3 Players Forward 
   Forward                                           Time % Phy DF OF 
 1 Chris Lawrence                                    60     1   2  2  
 2 Anton Gustafsson                                  40     1   2  2  

Penalty Kill - 3 Players Defense
   Defense                  Defense                  Time % Phy DF OF 
 1 David Fischer            Mat Clark                60     1   2  2  
 2 Christian Djoos          T.J Brodie               40     1   2  2  

4 vs 4 Forward 
   Center                   Wing                     Time % Phy DF OF 
 1 Blake Geoffrion          Anton Gustafsson         60     1   2  2  
 2 Chris Lawrence           Jeremy Welsh             40     1   2  2  

4 vs 4 Defense
   Defense                  Defense                  Time % Phy DF OF 
 1 David Fischer            Josh Morrissey           60     1   2  2  
 2 Mat Clark                Josh Morrissey           40     1   2  2  

Last Minutes Offensive
   Center                   Left Wing                Right Wing               Defense                  Defense                  
   Anton Gustafsson         Blake Geoffrion          Chris Lawrence           Mat Clark                David Fischer            

Last Minutes Defensive
   Center                   Left Wing                Right Wing               Defense                  Defense                  
   Anton Gustafsson         Blake Geoffrion          Chris Lawrence           Mat Clark                David Fischer            

Goaltenders
Starting : Niklas Svedberg          
Backup : Tristan Jarry            

Extra Forwards
Normal : Riley Barber, Oskar Lindblom, Nicolas Kerdiles - PP : Riley Barber, Oskar Lindblom - PK : Nicolas Kerdiles
Extra Defensemen
Normal : Josh Morrissey, Trevor Van Riemsdyk, Christian Djoos - PP : Josh Morrissey - PK : Trevor Van Riemsdyk, Christian Djoos
Penalty Shots
Blake Geoffrion, Anton Gustafsson, Chris Lawrence, Jeremy Welsh, Markus Granlund

Scratches
Scott Laughton (Bruised Right Shoulder Injury), Stanislav Galiev (Healthy), Troy Bourke (Healthy), Andreas Englund (Sprained Left Ankle Injury), Linus Ullmark (Healthy)

Influenza

5 vs 5 Forward 
   Center                   Left Wing                Right Wing               Time % Phy DF OF 
 1 Bo Horvat                Andre Burakovsky         Iiro Pakarinen           40     1   2  2  
 2 Colton Sissons           Lucas Lessio             Justin Bailey            30     1   2  2  
 3 Zac Dalpe                Ryan Dzingel             Kasperi Kapanen          20     1   2  2  
 4 Jacob Josefson           Nick Ritchie             Tom Kuhnhackl            10     1   2  2  

5 vs 5 Defense 
   Defense                  Defense                                           Time % Phy DF OF 
 1 Calvin de Haan           Paul Ladue                                        40     1   2  2  
 2 Luca Sbisa               Brandon Montour                                   30     1   2  2  
 3 Dmitry Sinitsyn          Roland McKeown                                    20     1   2  2  
 4 Calvin de Haan           Luca Sbisa                                        10     1   2  2  

PowerPlay Forward 
   Center                   Left Wing                Right Wing               Time % Phy DF OF 
 1 Bo Horvat                Andre Burakovsky         Iiro Pakarinen           60     1   2  2  
 2 Zac Dalpe                Ryan Dzingel             Justin Bailey            40     1   2  2  

PowerPlay Defense
   Defense                  Defense                                           Time % Phy DF OF 
 1 Calvin de Haan           Luca Sbisa                                        60     1   2  2  
 2 Paul Ladue               Dmitry Sinitsyn                                   40     1   2  2  

Penalty Kill 4 Players Forward 
   Center                   Wing                     Time % Phy DF OF 
 1 Zac Dalpe                Ryan Dzingel             60     1   2  2  
 2 Colton Sissons           Tom Kuhnhackl            40     1   2  2  

Penalty Kill 4 Players Defense
   Defense                  Defense                  Time % Phy DF OF 
 1 Calvin de Haan           Paul Ladue               60     1   2  2  
 2 Luca Sbisa               Dmitry Sinitsyn          40     1   2  2  

Penalty Kill - 3 Players Forward 
   Forward                                           Time % Phy DF OF 
 1 Zac Dalpe                                         60     1   2  2  
 2 Colton Sissons                                    40     1   2  2  

Penalty Kill - 3 Players Defense
   Defense                  Defense                  Time % Phy DF OF 
 1 Calvin de Haan           Paul Ladue               60     1   2  2  
 2 Luca Sbisa               Dmitry Sinitsyn          40     1   2  2  

4 vs 4 Forward 
   Center                   Wing                     Time % Phy DF OF 
 1 Bo Horvat                Andre Burakovsky         60     1   2  2  
 2 Zac Dalpe                Iiro Pakarinen           40     1   2  2  

4 vs 4 Defense
   Defense                  Defense                  Time % Phy DF OF 
 1 Calvin de Haan           Paul Ladue               60     1   2  2  
 2 Luca Sbisa               Dmitry Sinitsyn          40     1   2  2  

Last Minutes Offensive
   Center                   Left Wing                Right Wing               Defense                  Defense                  
   Bo Horvat                Andre Burakovsky         Iiro Pakarinen           Calvin de Haan           Paul Ladue               

Last Minutes Defensive
   Center                   Left Wing                Right Wing               Defense                  Defense                  
   Zac Dalpe                Andre Burakovsky         Iiro Pakarinen           Calvin de Haan           Paul Ladue               

Goaltenders
Starting : Malcolm Subban           
Backup : Tyson Sexsmith           

Extra Forwards
Normal : Lucas Lessio, Iiro Pakarinen, Andre Burakovsky - PP : Lucas Lessio, Colton Sissons - PK : Andre Burakovsky
Extra Defensemen
Normal : Luca Sbisa, Dmitry Sinitsyn, Calvin de Haan - PP : Brandon Montour - PK : Paul Ladue, Brandon Montour
Penalty Shots
Andre Burakovsky, Bo Horvat, Zac Dalpe, Justin Bailey, Calvin de Haan

Scratches
Jordan Schroeder (Healthy), Shane Prince (Healthy), Jeff Corbett (Healthy), Henri Ikonen (Healthy), Johan Larsson (Healthy)
Tim Erixon (Healthy), Mitchell Moroz (Healthy), Josh Andrerson (Healthy), Jesse Graham (Healthy), Jake Walman (Healthy)
Conner Bleackley (Healthy), Brycen Martin (Healthy), Jaden Lindo (Healthy), Jamie Phillips (Healthy)

% Time on Ice - Carnivores

Lines # - Real PCT - Wanted PCT - Time Play
Normal Forward
1 - 37% - 40% - 17:40
2 - 28% - 30% - 13:13
3 - 26% - 20% - 12:31
4 - 9% - 10% - 4:11
Normal Defense
1 - 42% - 40% - 19:47
2 - 30% - 30% - 14:14
3 - 20% - 20% - 9:27
4 - 9% - 10% - 4:07
PP Forward
1 - 57% - 60% - 6:44
2 - 43% - 40% - 5:04
PP Defense
1 - 61% - 60% - 7:09
2 - 39% - 40% - 4:39
PK Forward
1 - 92% - 60% - 0:34
2 - 8% - 40% - 0:03
PK Defense
1 - 100% - 60% - 0:37
2 - 0% - 40% - 0:00
PK3 Forward
1 - 0% - 60%
2 - 0% - 40%
PK3 Defense
1 - 0% - 60%
2 - 0% - 40%
44 Forward
1 - 77% - 60% - 2:33
2 - 23% - 40% - 0:46
44 Defense
1 - 58% - 60% - 1:56
2 - 42% - 40% - 1:23
Last Minute Offensive  - 0:00
Last Minute Defensive  - 0:00
Total
Forward - 63:19
Defense - 63:19

% Time on Ice - Influenza

Lines # - Real PCT - Wanted PCT - Time Play
Normal Forward
1 - 35% - 40% - 16:30
2 - 30% - 30% - 14:18
3 - 20% - 20% - 9:22
4 - 16% - 10% - 7:25
Normal Defense
1 - 39% - 40% - 18:31
2 - 30% - 30% - 14:27
3 - 26% - 20% - 12:19
4 - 5% - 10% - 2:18
PP Forward
1 - 57% - 60% - 0:21
2 - 43% - 40% - 0:16
PP Defense
1 - 100% - 60% - 0:37
2 - 0% - 40% - 0:00
PK Forward
1 - 66% - 60% - 7:48
2 - 34% - 40% - 4:00
PK Defense
1 - 61% - 60% - 7:09
2 - 39% - 40% - 4:39
PK3 Forward
1 - 100% - 60% - 0:06
2 - 0% - 40% - 0:00
PK3 Defense
1 - 100% - 60% - 0:06
2 - 0% - 40% - 0:00
44 Forward
1 - 84% - 60% - 2:43
2 - 16% - 40% - 0:30
44 Defense
1 - 63% - 60% - 2:01
2 - 37% - 40% - 1:12
Last Minute Offensive  - 0:00
Last Minute Defensive  - 0:00
Total
Forward - 63:19
Defense - 63:19

Play-by-Play

1st period


0:01 of 1st period - Anton Gustafsson wins face-off versus Bo Horvat in neutral zone.
0:11 of 1st period - Minor Penalty to Calvin de Haan for Hooking.
0:12 of 1st period - Anton Gustafsson wins face-off versus Zac Dalpe in Influenza zone.
0:58 of 1st period - Anton Gustafsson is hit by Zac Dalpe and loses puck.
1:46 of 1st period - Paul Ladue is hit by Mark McNeill and loses puck.
2:11 of 1st period - Penalty to Calvin de Haan is over, Calvin de Haan is back on ice.
2:27 of 1st period - Paul Ladue is hit by Mat Clark and loses puck.
2:48 of 1st period - Markus Granlund is hit by Colton Sissons and loses puck.
3:20 of 1st period - Icing by Roland McKeown.
3:21 of 1st period - Bo Horvat wins face-off versus Blake Geoffrion in Influenza zone.
3:28 of 1st period - Slapshot by Ryan Dzingel.
3:28 of 1st period - Stopped by Niklas Svedberg with a rebound.
3:46 of 1st period - Bo Horvat is hit by T.J Brodie and loses puck.
4:14 of 1st period - Wrist shot by Chris Lawrence.
4:14 of 1st period - Deflect By Colton Sissons.
4:14 of 1st period - Shot Misses the Net.
4:14 of 1st period - Puck is out of play.
4:15 of 1st period - Anton Gustafsson wins face-off versus Zac Dalpe in Influenza zone.
4:26 of 1st period - Slapshot by Anton Gustafsson.
4:26 of 1st period - Deflect By Chris Lawrence.
4:26 of 1st period - Stopped by Malcolm Subban with a rebound.
4:28 of 1st period - Snap shot by Anton Gustafsson.
4:28 of 1st period - Shot Misses the Net.
4:30 of 1st period - Snap shot by Anton Gustafsson.
4:30 of 1st period - Stopped by Malcolm Subban with a rebound.
6:13 of 1st period - Mark McNeill is hit by Andre Burakovsky.
6:21 of 1st period - Andre Burakovsky is hit by Mat Clark and loses puck.
6:37 of 1st period - Snap shot by Josh Morrissey.
6:37 of 1st period - Deflect By Jeremy Welsh.
6:37 of 1st period - Shot Misses the Net.
6:37 of 1st period - Puck is out of play.
6:38 of 1st period - Blake Geoffrion wins face-off versus Colton Sissons in Influenza zone.
6:45 of 1st period - Snap shot by Jeremy Welsh.
6:45 of 1st period - Stopped by Malcolm Subban with a rebound.
6:47 of 1st period - Slapshot by Blake Geoffrion.
6:47 of 1st period - Stopped by Malcolm Subban with a rebound.
6:49 of 1st period - Wrist shot by Blake Geoffrion.
6:49 of 1st period - Stopped by Malcolm Subban without a rebound.
6:50 of 1st period - Anton Gustafsson wins face-off versus Bo Horvat in Influenza zone.
6:51 of 1st period - Wrist shot by Chris Lawrence.
6:51 of 1st period - Shot Misses the Net.
6:53 of 1st period - Snap shot by Chris Lawrence.
6:53 of 1st period - Deflect By Anton Gustafsson.
6:53 of 1st period - Shot Misses the Net.
6:53 of 1st period - Puck is out of play.
6:54 of 1st period - Anton Gustafsson wins face-off versus Bo Horvat in Influenza zone.
6:55 of 1st period - Snap shot by Chris Lawrence.
6:55 of 1st period - Deflect By Anton Gustafsson.
6:55 of 1st period - Goal by Anton Gustafsson - Carnivores : 1 - Influenza : 0.
6:56 of 1st period - Anton Gustafsson wins face-off versus Bo Horvat in neutral zone.
7:05 of 1st period - Slapshot by Anton Gustafsson.
7:05 of 1st period - Shot Misses the Net.
7:07 of 1st period - Slapshot by T.J Brodie.
7:07 of 1st period - Stopped by Malcolm Subban without a rebound.
7:08 of 1st period - Markus Granlund wins face-off versus Colton Sissons in Influenza zone.
7:13 of 1st period - Snap shot by Joel Armia.
7:13 of 1st period - Deflect By Blake Geoffrion.
7:13 of 1st period - Stopped by Malcolm Subban with a rebound.
7:19 of 1st period - Wrist shot by Justin Bailey.
7:19 of 1st period - Stopped by Niklas Svedberg with a rebound.
7:41 of 1st period - Off-side.
7:42 of 1st period - Colton Sissons wins face-off versus Anton Gustafsson in neutral zone.
8:08 of 1st period - Iiro Pakarinen is hit by Markus Granlund and loses puck.
8:17 of 1st period - Snap shot by Iiro Pakarinen.
8:17 of 1st period - Shot Misses the Net.
8:33 of 1st period - Wrist shot by Mark McNeill.
8:33 of 1st period - Stopped by Malcolm Subban without a rebound.
8:34 of 1st period - Lucas Wallmark wins face-off versus Colton Sissons in Influenza zone.
8:35 of 1st period - Slapshot by Mark McNeill.
8:35 of 1st period - Stopped by Malcolm Subban with a rebound.
8:37 of 1st period - Snap shot by Nicolas Kerdiles.
8:37 of 1st period - Shot Blocked by Luca Sbisa.
8:39 of 1st period - Slapshot by David Fischer.
8:39 of 1st period - Stopped by Malcolm Subban with a rebound.
8:41 of 1st period - Slapshot by Mat Clark.
8:41 of 1st period - Stopped by Malcolm Subban with a rebound.
8:43 of 1st period - Slapshot by Mark McNeill.
8:43 of 1st period - Shot Misses the Net.
8:45 of 1st period - Slapshot by David Fischer.
8:45 of 1st period - Stopped by Malcolm Subban with a rebound.
8:47 of 1st period - Slapshot by Mat Clark.
8:47 of 1st period - Shot Blocked by Luca Sbisa.
8:49 of 1st period - Backhand shot by David Fischer.
8:49 of 1st period - Stopped by Malcolm Subban without a rebound.
8:50 of 1st period - Anton Gustafsson wins face-off versus Bo Horvat in Influenza zone.
9:15 of 1st period - Markus Granlund is hit by Calvin de Haan and loses puck.
9:40 of 1st period - Calvin de Haan is hit by Nicolas Kerdiles and loses puck.
10:22 of 1st period - Snap shot by Blake Geoffrion.
10:22 of 1st period - Stopped by Malcolm Subban with a rebound.
11:11 of 1st period - Wrist shot by Mark McNeill.
11:11 of 1st period - Stopped by Malcolm Subban with a rebound.
11:13 of 1st period - Snap shot by Nicolas Kerdiles.
11:13 of 1st period - Stopped by Malcolm Subban with a rebound.
11:31 of 1st period - Wrist shot by Iiro Pakarinen.
11:31 of 1st period - Stopped by Niklas Svedberg without a rebound.
11:32 of 1st period - Nicolas Kerdiles wins face-off versus Bo Horvat in Carnivores zone.
11:37 of 1st period - Slapshot by Iiro Pakarinen.
11:37 of 1st period - Shot Misses the Net.
11:43 of 1st period - Snap shot by Mark McNeill.
11:43 of 1st period - Stopped by Malcolm Subban without a rebound.
11:44 of 1st period - Bo Horvat wins face-off versus Anton Gustafsson in Influenza zone.
12:09 of 1st period - Snap shot by Colton Sissons.
12:09 of 1st period - Deflect By Justin Bailey.
12:09 of 1st period - Shot Blocked by Mat Clark.
12:09 of 1st period - Puck is out of play.
12:10 of 1st period - Colton Sissons wins face-off versus Markus Granlund in Carnivores zone.
12:11 of 1st period - Snap shot by Lucas Lessio.
12:11 of 1st period - Stopped by Niklas Svedberg without a rebound.
12:12 of 1st period - Markus Granlund wins face-off versus Colton Sissons in Carnivores zone.
12:22 of 1st period - Minor Penalty to Blake Geoffrion for Holding.
12:23 of 1st period - Anton Gustafsson wins face-off versus Bo Horvat in Carnivores zone.
12:59 of 1st period - Snap shot by Calvin de Haan.
12:59 of 1st period - Goal by Calvin de Haan - Carnivores : 1 - Influenza : 1.
13:00 of 1st period - Markus Granlund wins face-off versus Bo Horvat in neutral zone.
14:19 of 1st period - Brandon Montour is hit by Mark McNeill and loses puck.
14:50 of 1st period - Snap shot by Ryan Dzingel.
14:50 of 1st period - Goal by Ryan Dzingel - Carnivores : 1 - Influenza : 2.
14:51 of 1st period - Anton Gustafsson wins face-off versus Bo Horvat in neutral zone.
15:16 of 1st period - Calvin de Haan is hit by Blake Geoffrion and loses puck.
15:23 of 1st period - Colton Sissons is hit by Blake Geoffrion.
16:13 of 1st period - Slapshot by Iiro Pakarinen.
16:13 of 1st period - Shot Misses the Net.
16:37 of 1st period - Wrist shot by Ryan Dzingel.
16:37 of 1st period - Stopped by Niklas Svedberg without a rebound.
16:38 of 1st period - Colton Sissons wins face-off versus Lucas Wallmark in Carnivores zone.
17:04 of 1st period - Minor Penalty to Bo Horvat for Interference.
17:05 of 1st period - Anton Gustafsson wins face-off versus Zac Dalpe in Influenza zone.
17:13 of 1st period - Icing by Chris Lawrence.
17:14 of 1st period - Zac Dalpe wins face-off versus Blake Geoffrion in Carnivores zone.
17:35 of 1st period - Wrist shot by Blake Geoffrion.
17:35 of 1st period - Shot Blocked by Calvin de Haan.
17:37 of 1st period - Slapshot by Mat Clark.
17:37 of 1st period - Shot Misses the Net.
17:39 of 1st period - Snap shot by Blake Geoffrion.
17:39 of 1st period - Stopped by Malcolm Subban with a rebound.
17:41 of 1st period - Backhand shot by Blake Geoffrion.
17:41 of 1st period - Shot Misses the Net.
17:43 of 1st period - Slapshot by Mat Clark.
17:43 of 1st period - Shot Misses the Net.
17:45 of 1st period - Slapshot by David Fischer.
17:45 of 1st period - Stopped by Malcolm Subban with a rebound.
18:19 of 1st period - Wrist shot by Blake Geoffrion.
18:19 of 1st period - Shot Blocked by Zac Dalpe.
18:21 of 1st period - Slapshot by Blake Geoffrion.
18:21 of 1st period - Stopped by Malcolm Subban without a rebound.
18:22 of 1st period - Markus Granlund wins face-off versus Colton Sissons in Influenza zone.
18:53 of 1st period - Luca Sbisa is hit by Mark McNeill and loses puck.
19:04 of 1st period - Penalty to Bo Horvat is over, Bo Horvat is back on ice.
Goals for this period are 1 for Carnivores vs 2 for Influenza.
Shots for this period are 21 for Carnivores vs 7 for Influenza.

2nd period


0:01 of 2nd period - Anton Gustafsson wins face-off versus Bo Horvat in neutral zone.
0:26 of 2nd period - T.J Brodie is hit by Justin Bailey and loses puck.
0:33 of 2nd period - Slapshot by Colton Sissons.
0:33 of 2nd period - Stopped by Niklas Svedberg without a rebound.
0:34 of 2nd period - Colton Sissons wins face-off versus Anton Gustafsson in Carnivores zone.
0:49 of 2nd period - Slapshot by Chris Lawrence.
0:49 of 2nd period - Shot Blocked by Lucas Lessio.
1:41 of 2nd period - Off-side.
1:42 of 2nd period - Jacob Josefson wins face-off versus Anton Gustafsson in neutral zone.
1:47 of 2nd period - Backhand shot by Jacob Josefson.
1:47 of 2nd period - Stopped by Niklas Svedberg with a rebound.
2:12 of 2nd period - Backhand shot by Joel Armia.
2:12 of 2nd period - Stopped by Malcolm Subban with a rebound.
2:14 of 2nd period - Slapshot by Markus Granlund.
2:14 of 2nd period - Shot Blocked by Bo Horvat.
2:16 of 2nd period - Snap shot by Blake Geoffrion.
2:16 of 2nd period - Shot Misses the Net.
2:18 of 2nd period - Snap shot by T.J Brodie.
2:18 of 2nd period - Stopped by Malcolm Subban without a rebound.
2:19 of 2nd period - Justin Bailey wins face-off versus Anton Gustafsson in Influenza zone.
2:19 of 2nd period - Justin Bailey is hit by Trevor Van Riemsdyk.
2:31 of 2nd period - Snap shot by Chris Lawrence.
2:31 of 2nd period - Shot Misses the Net.
2:33 of 2nd period - Snap shot by Oskar Lindblom.
2:33 of 2nd period - Shot Blocked by Calvin de Haan.
2:43 of 2nd period - Bo Horvat is hit by Markus Granlund and loses puck.
3:34 of 2nd period - Wrist shot by Chris Lawrence.
3:34 of 2nd period - Deflect By Oskar Lindblom.
3:34 of 2nd period - Goal by Oskar Lindblom - Carnivores : 2 - Influenza : 2.
3:35 of 2nd period - Anton Gustafsson wins face-off versus Bo Horvat in neutral zone.
3:48 of 2nd period - Snap shot by Iiro Pakarinen.
3:48 of 2nd period - Stopped by Niklas Svedberg without a rebound.
3:49 of 2nd period - Markus Granlund wins face-off versus Colton Sissons in Carnivores zone.
3:58 of 2nd period - Snap shot by Markus Granlund.
3:58 of 2nd period - Stopped by Malcolm Subban with a rebound.
4:04 of 2nd period - Wrist shot by Calvin de Haan.
4:04 of 2nd period - Deflect By Lucas Lessio.
4:04 of 2nd period - Goal by Lucas Lessio - Carnivores : 2 - Influenza : 3.
4:05 of 2nd period - Bo Horvat wins face-off versus Anton Gustafsson in neutral zone.
4:14 of 2nd period - Slapshot by Iiro Pakarinen.
4:14 of 2nd period - Shot Hit the Post.
4:42 of 2nd period - Slapshot by Calvin de Haan.
4:42 of 2nd period - Deflect By Lucas Lessio.
4:42 of 2nd period - Shot Misses the Net.
4:42 of 2nd period - Puck is out of play.
4:43 of 2nd period - Zac Dalpe wins face-off versus Anton Gustafsson in Carnivores zone.
4:58 of 2nd period - Snap shot by Kasperi Kapanen.
4:58 of 2nd period - Stopped by Niklas Svedberg with a rebound.
5:36 of 2nd period - Wrist shot by Iiro Pakarinen.
5:36 of 2nd period - Shot Blocked by Blake Geoffrion.
5:38 of 2nd period - Snap shot by Iiro Pakarinen.
5:38 of 2nd period - Shot Blocked by Christian Djoos.
5:40 of 2nd period - Snap shot by Iiro Pakarinen.
5:40 of 2nd period - Stopped by Niklas Svedberg without a rebound.
5:41 of 2nd period - Brett Connolly wins face-off versus Zac Dalpe in Carnivores zone.
5:41 of 2nd period - Brett Connolly is hit by Ryan Dzingel.
5:47 of 2nd period - Ryan Dzingel is hit by Blake Geoffrion and loses puck.
6:06 of 2nd period - Mat Clark is hit by Bo Horvat.
6:46 of 2nd period - Oskar Lindblom is hit by Zac Dalpe and loses puck.
6:51 of 2nd period - Snap shot by Ryan Dzingel.
6:51 of 2nd period - Shot Blocked by Chris Lawrence.
6:53 of 2nd period - Slapshot by Roland McKeown.
6:53 of 2nd period - Shot Hit the Post.
7:09 of 2nd period - Wrist shot by Mark McNeill.
7:09 of 2nd period - Stopped by Malcolm Subban with a rebound.
7:15 of 2nd period - Mark McNeill is hit by Dmitry Sinitsyn and loses puck.
7:41 of 2nd period - David Fischer is hit by Justin Bailey and loses puck.
7:52 of 2nd period - Minor Penalty to Colton Sissons for Interference.
7:53 of 2nd period - Anton Gustafsson wins face-off versus Zac Dalpe in Influenza zone.
7:54 of 2nd period - Wrist shot by Chris Lawrence.
7:54 of 2nd period - Shot Blocked by Dmitry Sinitsyn.
7:56 of 2nd period - Snap shot by Chris Lawrence.
7:56 of 2nd period - Stopped by Malcolm Subban with a rebound.
7:58 of 2nd period - Snap shot by Anton Gustafsson.
7:58 of 2nd period - Stopped by Malcolm Subban with a rebound.
8:00 of 2nd period - Slapshot by David Fischer.
8:00 of 2nd period - Shot Blocked by Zac Dalpe.
8:02 of 2nd period - Snap shot by Chris Lawrence.
8:02 of 2nd period - Stopped by Malcolm Subban without a rebound.
8:03 of 2nd period - Zac Dalpe wins face-off versus Anton Gustafsson in Influenza zone.
8:46 of 2nd period - Wrist shot by Blake Geoffrion.
8:46 of 2nd period - Stopped by Malcolm Subban without a rebound.
8:47 of 2nd period - Zac Dalpe wins face-off versus Markus Granlund in Influenza zone.
9:03 of 2nd period - Snap shot by Mark McNeill.
9:03 of 2nd period - Shot Blocked by Calvin de Haan.
9:41 of 2nd period - Luca Sbisa is hit by T.J Brodie and loses puck.
9:52 of 2nd period - Penalty to Colton Sissons is over, Colton Sissons is back on ice.
10:38 of 2nd period - Icing by Lucas Wallmark.
10:39 of 2nd period - Zac Dalpe wins face-off versus Lucas Wallmark in Carnivores zone.
10:42 of 2nd period - Slapshot by Ryan Dzingel.
10:42 of 2nd period - Shot Misses the Net.
11:16 of 2nd period - Oskar Lindblom is hit by Colton Sissons and loses puck.
11:35 of 2nd period - Brandon Montour is hit by Mark McNeill.
11:45 of 2nd period - Snap shot by Tom Kuhnhackl.
11:45 of 2nd period - Stopped by Niklas Svedberg with a rebound.
11:59 of 2nd period - Slapshot by Blake Geoffrion.
11:59 of 2nd period - Shot Misses the Net.
12:33 of 2nd period - Icing by Colton Sissons.
12:34 of 2nd period - Anton Gustafsson wins face-off versus Colton Sissons in Influenza zone.
12:43 of 2nd period - Wrist shot by Lucas Lessio.
12:43 of 2nd period - Shot Blocked by Christian Djoos.
12:45 of 2nd period - Snap shot by Colton Sissons.
12:45 of 2nd period - Shot Misses the Net.
12:47 of 2nd period - Wrist shot by Lucas Lessio.
12:47 of 2nd period - Shot Blocked by Anton Gustafsson.
12:49 of 2nd period - Snap shot by Colton Sissons.
12:49 of 2nd period - Shot Hit the Post.
12:51 of 2nd period - Slapshot by Brandon Montour.
12:51 of 2nd period - Shot Blocked by Mattias Backman.
12:53 of 2nd period - Slapshot by Brandon Montour.
12:53 of 2nd period - Stopped by Niklas Svedberg without a rebound.
12:54 of 2nd period - Markus Granlund wins face-off versus Iiro Pakarinen in Carnivores zone.
13:21 of 2nd period - Lucas Lessio is hit by Chris Lawrence and loses puck.
13:42 of 2nd period - Brandon Montour is hit by Nicolas Kerdiles and loses puck.
14:07 of 2nd period - Snap shot by Andre Burakovsky.
14:07 of 2nd period - Shot Blocked by Blake Geoffrion.
14:09 of 2nd period - Slapshot by Brandon Montour.
14:09 of 2nd period - Stopped by Niklas Svedberg with a rebound.
14:27 of 2nd period - Snap shot by Anton Gustafsson.
14:27 of 2nd period - Shot Misses the Net.
14:29 of 2nd period - Snap shot by Anton Gustafsson.
14:29 of 2nd period - Goal by Anton Gustafsson - Carnivores : 3 - Influenza : 3.
14:30 of 2nd period - Bo Horvat wins face-off versus Anton Gustafsson in neutral zone.
15:04 of 2nd period - Snap shot by Lucas Lessio.
15:04 of 2nd period - Deflect By Justin Bailey.
15:04 of 2nd period - Goal by Justin Bailey - Carnivores : 3 - Influenza : 4.
15:05 of 2nd period - Bo Horvat wins face-off versus Anton Gustafsson in neutral zone.
15:08 of 2nd period - Slapshot by Andre Burakovsky.
15:08 of 2nd period - Shot Blocked by Chris Lawrence.
15:41 of 2nd period - Slapshot by Luca Sbisa.
15:41 of 2nd period - Deflect By Joel Armia.
15:41 of 2nd period - Stopped by Niklas Svedberg with a rebound.
15:51 of 2nd period - Snap shot by Zac Dalpe.
15:51 of 2nd period - Stopped by Niklas Svedberg with a rebound.
15:53 of 2nd period - Slapshot by Luca Sbisa.
15:53 of 2nd period - Shot Blocked by David Fischer.
15:55 of 2nd period - Snap shot by Ryan Dzingel.
15:55 of 2nd period - Shot Blocked by David Fischer.
16:19 of 2nd period - Wrist shot by Jeremy Welsh.
16:19 of 2nd period - Shot Misses the Net.
16:31 of 2nd period - Roland McKeown is hit by Oskar Lindblom and loses puck.
16:38 of 2nd period - Oskar Lindblom is hit by Roland McKeown and loses puck.
17:05 of 2nd period - Icing by Paul Ladue.
17:06 of 2nd period - Colton Sissons wins face-off versus Lucas Wallmark in Influenza zone.
17:35 of 2nd period - Snap shot by Zac Dalpe.
17:35 of 2nd period - Shot Misses the Net.
17:57 of 2nd period - Backhand shot by Lucas Lessio.
17:57 of 2nd period - Shot Misses the Net.
17:59 of 2nd period - Slapshot by Justin Bailey.
17:59 of 2nd period - Stopped by Niklas Svedberg with a rebound.
18:01 of 2nd period - Slapshot by Brandon Montour.
18:01 of 2nd period - Deflect By Lucas Lessio.
18:01 of 2nd period - Stopped by Niklas Svedberg without a rebound.
18:02 of 2nd period - Anton Gustafsson wins face-off versus Andre Burakovsky in Carnivores zone.
18:02 of 2nd period - Anton Gustafsson is hit by Calvin de Haan.
18:29 of 2nd period - Calvin de Haan is hit by Markus Granlund and loses puck.
19:02 of 2nd period - Slapshot by Brandon Montour.
19:02 of 2nd period - Deflect By Zac Dalpe.
19:02 of 2nd period - Shot Hit the Post.
19:02 of 2nd period - Puck is out of play.
19:03 of 2nd period - Bo Horvat wins face-off versus Anton Gustafsson in Carnivores zone.
19:58 of 2nd period - Snap shot by Kasperi Kapanen.
19:58 of 2nd period - Stopped by Niklas Svedberg with a rebound.
Goals for this period are 2 for Carnivores vs 2 for Influenza.
Shots for this period are 10 for Carnivores vs 15 for Influenza.

3rd period


0:01 of 3rd period - Anton Gustafsson wins face-off versus Bo Horvat in neutral zone.
0:04 of 3rd period - Slapshot by David Fischer.
0:04 of 3rd period - Stopped by Malcolm Subban without a rebound.
0:05 of 3rd period - Anton Gustafsson wins face-off versus Bo Horvat in Influenza zone.
0:06 of 3rd period - Wrist shot by Chris Lawrence.
0:06 of 3rd period - Stopped by Malcolm Subban with a rebound.
0:12 of 3rd period - Snap shot by Chris Lawrence.
0:12 of 3rd period - Goal by Chris Lawrence - Carnivores : 4 - Influenza : 4.
0:13 of 3rd period - Iiro Pakarinen wins face-off versus Anton Gustafsson in neutral zone.
0:20 of 3rd period - Wrist shot by Anton Gustafsson.
0:20 of 3rd period - Shot Hit the Post.
0:22 of 3rd period - Wrist shot by Oskar Lindblom.
0:22 of 3rd period - Shot Blocked by Iiro Pakarinen.
0:24 of 3rd period - Snap shot by Anton Gustafsson.
0:24 of 3rd period - Deflect By Andre Burakovsky.
0:24 of 3rd period - Stopped by Malcolm Subban with a rebound.
0:51 of 3rd period - Slapshot by Luca Sbisa.
0:51 of 3rd period - Shot Blocked by David Fischer.
0:53 of 3rd period - Slapshot by Calvin de Haan.
0:53 of 3rd period - Deflect By Mat Clark.
0:53 of 3rd period - Stopped by Niklas Svedberg with a rebound.
1:54 of 3rd period - Icing by Anton Gustafsson.
1:55 of 3rd period - Colton Sissons wins face-off versus Markus Granlund in Carnivores zone.
3:00 of 3rd period - Tom Kuhnhackl is hit by Blake Geoffrion and loses puck.
3:27 of 3rd period - Colton Sissons is hit by Jeremy Welsh and loses puck.
4:24 of 3rd period - Minor Penalty to Nick Ritchie for Tripping.
4:25 of 3rd period - Anton Gustafsson wins face-off versus Zac Dalpe in Influenza zone.
4:52 of 3rd period - Dmitry Sinitsyn is hit by Mark McNeill and loses puck.
5:07 of 3rd period - Wrist shot by Blake Geoffrion.
5:07 of 3rd period - Stopped by Malcolm Subban without a rebound.
5:08 of 3rd period - Anton Gustafsson wins face-off versus Colton Sissons in Influenza zone.
6:24 of 3rd period - Penalty to Nick Ritchie is over, Nick Ritchie is back on ice.
7:03 of 3rd period - Snap shot by Lucas Lessio.
7:03 of 3rd period - Stopped by Niklas Svedberg with a rebound.
7:19 of 3rd period - Slapshot by Paul Ladue.
7:19 of 3rd period - Deflect By Tom Kuhnhackl.
7:19 of 3rd period - Stopped by Niklas Svedberg with a rebound.
7:21 of 3rd period - Wrist shot by Nick Ritchie.
7:21 of 3rd period - Goal by Nick Ritchie - Carnivores : 4 - Influenza : 5.
7:22 of 3rd period - Bo Horvat wins face-off versus Anton Gustafsson in neutral zone.
8:26 of 3rd period - Icing by Jacob Josefson.
8:27 of 3rd period - Anton Gustafsson wins face-off versus Jacob Josefson in Influenza zone.
8:28 of 3rd period - Slapshot by Chris Lawrence.
8:28 of 3rd period - Shot Misses the Net.
8:30 of 3rd period - Slapshot by Anton Gustafsson.
8:30 of 3rd period - Stopped by Malcolm Subban without a rebound.
8:31 of 3rd period - Oskar Lindblom wins face-off versus Jacob Josefson in Influenza zone.
9:12 of 3rd period - Jacob Josefson is hit by Mat Clark and loses puck.
9:26 of 3rd period - Off-side.
9:27 of 3rd period - Markus Granlund wins face-off versus Bo Horvat in neutral zone.
9:30 of 3rd period - Snap shot by Blake Geoffrion.
9:30 of 3rd period - Stopped by Malcolm Subban with a rebound.
9:34 of 3rd period - Backhand shot by Joel Armia.
9:34 of 3rd period - Stopped by Malcolm Subban without a rebound.
9:35 of 3rd period - Bo Horvat wins face-off versus Markus Granlund in Influenza zone.
10:31 of 3rd period - Snap shot by Blake Geoffrion.
10:31 of 3rd period - Stopped by Malcolm Subban with a rebound.
10:33 of 3rd period - Wrist shot by Joel Armia.
10:33 of 3rd period - Shot Misses the Net.
10:35 of 3rd period - Wrist shot by Blake Geoffrion.
10:35 of 3rd period - Stopped by Malcolm Subban with a rebound.
10:37 of 3rd period - Slapshot by David Fischer.
10:37 of 3rd period - Stopped by Malcolm Subban with a rebound.
10:39 of 3rd period - Snap shot by Markus Granlund.
10:39 of 3rd period - Shot Misses the Net.
10:41 of 3rd period - Snap shot by Joel Armia.
10:41 of 3rd period - Goal by Joel Armia - Carnivores : 5 - Influenza : 5.
10:42 of 3rd period - Colton Sissons wins face-off versus Anton Gustafsson in neutral zone.
11:07 of 3rd period - Mark McNeill is hit by Calvin de Haan and loses puck.
11:32 of 3rd period - Mattias Backman is hit by Nick Ritchie and loses puck.
11:49 of 3rd period - Snap shot by Chris Lawrence.
11:49 of 3rd period - Stopped by Malcolm Subban without a rebound.
11:50 of 3rd period - Colton Sissons wins face-off versus Lucas Wallmark in Influenza zone.
11:50 of 3rd period - Colton Sissons is hit by David Fischer.
12:07 of 3rd period - Minor Penalty to Colton Sissons for Boarding.
12:08 of 3rd period - Zac Dalpe wins face-off versus Anton Gustafsson in Influenza zone.
12:34 of 3rd period - Paul Ladue is hit by Markus Granlund and loses puck.
12:59 of 3rd period - Slapshot by Dmitry Sinitsyn.
12:59 of 3rd period - Deflect By Andre Burakovsky.
12:59 of 3rd period - Shot Misses the Net.
12:59 of 3rd period - Puck is out of play.
13:00 of 3rd period - Andre Burakovsky wins face-off versus Anton Gustafsson in Carnivores zone.
13:01 of 3rd period - Snap shot by Tom Kuhnhackl.
13:01 of 3rd period - Shot Misses the Net.
13:27 of 3rd period - Zac Dalpe is hit by Mark McNeill and loses puck.
14:06 of 3rd period - Slapshot by Calvin de Haan.
14:06 of 3rd period - Deflect By Tom Kuhnhackl.
14:06 of 3rd period - Shot Misses the Net.
14:06 of 3rd period - Puck is out of play.
14:07 of 3rd period - Penalty to Colton Sissons is over, Colton Sissons is back on ice.
14:07 of 3rd period - Colton Sissons wins face-off versus Anton Gustafsson in Carnivores zone.
14:10 of 3rd period - Slapshot by Colton Sissons.
14:10 of 3rd period - Shot Blocked by Mattias Backman.
14:28 of 3rd period - Snap shot by Andre Burakovsky.
14:28 of 3rd period - Stopped by Niklas Svedberg without a rebound.
14:29 of 3rd period - Bo Horvat wins face-off versus Lucas Wallmark in Carnivores zone.
14:38 of 3rd period - Snap shot by Andre Burakovsky.
14:38 of 3rd period - Shot Misses the Net.
14:42 of 3rd period - Backhand shot by Andre Burakovsky.
14:42 of 3rd period - Shot Misses the Net.
14:44 of 3rd period - Snap shot by Iiro Pakarinen.
14:44 of 3rd period - Stopped by Niklas Svedberg with a rebound.
16:19 of 3rd period - Snap shot by Lucas Lessio.
16:19 of 3rd period - Shot Misses the Net.
16:21 of 3rd period - Wrist shot by Colton Sissons.
16:21 of 3rd period - Deflect By Justin Bailey.
16:21 of 3rd period - Stopped by Niklas Svedberg with a rebound.
16:23 of 3rd period - Slapshot by Roland McKeown.
16:23 of 3rd period - Shot Misses the Net.
16:43 of 3rd period - Snap shot by Andre Burakovsky.
16:43 of 3rd period - Stopped by Niklas Svedberg with a rebound.
16:45 of 3rd period - Slapshot by Calvin de Haan.
16:45 of 3rd period - Deflect By Joel Armia.
16:45 of 3rd period - Stopped by Niklas Svedberg with a rebound.
16:47 of 3rd period - Wrist shot by Iiro Pakarinen.
16:47 of 3rd period - Shot Misses the Net.
16:49 of 3rd period - Slapshot by Calvin de Haan.
16:49 of 3rd period - Deflect By Andre Burakovsky.
16:49 of 3rd period - Stopped by Niklas Svedberg with a rebound.
17:25 of 3rd period - Snap shot by Anton Gustafsson.
17:25 of 3rd period - Shot Misses the Net.
17:41 of 3rd period - Snap shot by Lucas Lessio.
17:41 of 3rd period - Stopped by Niklas Svedberg without a rebound.
17:42 of 3rd period - Colton Sissons wins face-off versus Markus Granlund in Carnivores zone.
18:03 of 3rd period - Wrist shot by Chris Lawrence.
18:03 of 3rd period - Stopped by Malcolm Subban without a rebound.
18:04 of 3rd period - Zac Dalpe wins face-off versus Blake Geoffrion in Influenza zone.
18:06 of 3rd period - Minor Penalty to Kasperi Kapanen for Interference.
18:07 of 3rd period - Zac Dalpe wins face-off versus Anton Gustafsson in Influenza zone.
18:38 of 3rd period - Slapshot by David Fischer.
18:38 of 3rd period - Stopped by Malcolm Subban without a rebound.
18:39 of 3rd period - Anton Gustafsson wins face-off versus Colton Sissons in Influenza zone.
18:42 of 3rd period - Slapshot by Chris Lawrence.
18:42 of 3rd period - Stopped by Malcolm Subban with a rebound.
18:44 of 3rd period - Slapshot by T.J Brodie.
18:44 of 3rd period - Stopped by Malcolm Subban with a rebound.
18:56 of 3rd period - Zac Dalpe is hit by Anton Gustafsson and loses puck.
Goals for this period are 2 for Carnivores vs 1 for Influenza.
Shots for this period are 17 for Carnivores vs 11 for Influenza.

Overtime #1


0:01 of 1st overtime period - Blake Geoffrion wins face-off versus Zac Dalpe in neutral zone.
0:06 of 1st overtime period - Penalty to Kasperi Kapanen is over, Kasperi Kapanen is back on ice.
2:04 of 1st overtime period - Paul Ladue is hit by Josh Morrissey and loses puck.
3:19 of 1st overtime period - Wrist shot by Chris Lawrence.
3:19 of 1st overtime period - Goal by Chris Lawrence - Carnivores : 6 - Influenza : 5.
Goals for this period are 1 for Carnivores vs 0 for Influenza.
Shots for this period are 1 for Carnivores vs 0 for Influenza.